 Dungeon Crawl Stone Soup version 0.32-a0-995-gb4a59205af (webtiles) character file.

Game seed: 17545286358792181979

156 protoss039 the Digger (level 5, 0/39 HPs)
             Began as a Demonspawn Earth Elementalist on Apr 22, 2024.
             Slain by an orc
             ... wielding a +2 trident of protection
              (8 damage)
             ... on level 4 of the Dungeon.
             The game lasted 00:04:08 (3103 turns).

protoss039 the Digger (DsEE)                        Turns: 3103, Time: 00:04:08

Health: 0/39       AC:  4    Str: 15    XL:     5   Next: 15%
Magic:  4/9        EV: 11    Int: 17    God:
Gold:   238        SH:  0    Dex: 13    Spells: 3/10 levels left

rFire   . . .        g - +2 dagger (protect)
rCold   . . .        (no shield)
rNeg    . . .        a - +0 robe
rPois   .            (no helmet)
rElec   .            (no cloak)
rCorr   .            (no gloves)
SInv    .            (no boots)
Will    .....        (no amulet)
Stlth   ++           m - +6 ring of strength
HPRegen 0.26/turn    (no ring)
MPRegen 0.11/turn

%: no passive effects
@: very slightly contaminated
A: hooves 1, yellow scales 1
a: no special abilities


You were on level 4 of the Dungeon.
You visited 1 branch of the dungeon, and saw 4 of its levels.

You collected 238 gold pieces.

Inventory:

Hand Weapons
 g - a +2 dagger of protection (weapon)
Armour
 a - a +0 robe (worn)
Jewellery
 m - a +6 ring of strength (left hand)
Scrolls
 c - a scroll of poison
 d - 3 scrolls of teleportation
 f - a scroll of silence {unknown}
 i - a scroll of identify
 l - a scroll of enchant weapon {unknown}
Potions
 e - 3 potions of ambrosia
 h - a potion of mutation {unknown}
 k - a potion of curing
 n - a potion of heal wounds {unknown}


   Skills:
 + Level 2.3 Fighting
 * Level 2.2 Dodging
 - Level 1.7 Stealth
 + Level 3.1 Spellcasting
 + Level 1.3 Conjurations
 + Level 3.6 Earth Magic


You had 3 spell levels left.
You knew the following spells:

 Your Spells              Type           Power      Damage    Failure   Level
a - Sandblast             Erth           30%        2d9       3%          1
b - Passwall              Erth           15%        N/A       12%         3
c - Stone Arrow           Conj/Erth      22%        3d8       19%         3

Your spell library contained the following spells:

 Spells                   Type           Power      Damage    Failure   Level
 Sting                    Conj/Alch      16%        1d4       13%         1
 Apportation              Tloc           4%         N/A       17%         1
 Necrotise                Necr           8%         1d4       17%         1
 Summon Small Mammal      Summ           8%         N/A       17%         1
 Tukima's Dance           Hex            2%         N/A       45%         3
 Brom's Barrelling Bould  Conj/Erth      11%        2d3       52%         4
 Petrify                  Alch/Erth      8%         N/A       63%         4
 Iskenderun's Mystic Bla Conj/Tloc 4%             2d3        (+2d1     78%         4
 Dimensional Bullseye     Hex/Tloc       1%         N/A       86%         4


Dungeon Overview and Level Annotations

Branches:
Dungeon (4/15) Zot: 20856
 Temple: D:4-7

Altars:

Shops:
D:2 =

Annotations:
D:2 1 runed translucent door, Crazy Yiuf


Innate Abilities, Weirdness & Mutations

You have large cloven feet.
You are partially covered in yellow scales. (AC +2)


Message History

The orc hits you but does no damage.
You feel better. The orc wizard closely misses you. The orc misses you.
Unknown command.
Magic courses through your body.
The orc wizard hits you but does no damage.
The orc barely misses you.
Casting: Stone Arrow (quite dangerous; 19% risk of failure)
Confirm with . or Enter, or press ? or * to list all spells.
Aiming: Stone Arrow (quite dangerous; 19% risk of failure)
Press: ? - help, Shift-Dir - straight line, f/p - orc wizard
Aim: an orc wizard, wielding a +0 dagger and wearing a +0 robe (almost dead, 60% to hit)
The stone arrow hits the orc wizard!
You kill the orc wizard!
The orc barely misses you.
The orc throws a boomerang.
The boomerang misses you.
You have reached level 5!
Casting: Stone Arrow (quite dangerous; 19% risk of failure)
Confirm with . or Enter, or press ? or * to list all spells.
Aiming: Sandblast (safe; 3% risk of failure)
Press: ? - help, Shift-Dir - straight line, f - orc
Aim: an orc, wielding a +0 hand axe and quivering boomerangs (82% to hit)
The blast of sand hits the orc!
You kill the orc!
The orc barely misses you.
Casting: Sandblast (safe; 3% risk of failure)
Confirm with . or Enter, or press ? or * to list all spells.
Aiming: Sandblast (safe; 3% risk of failure)
Press: ? - help, Shift-Dir - straight line, f - orc
Aim: an orc, wielding a +2 trident of protection and wearing a +0 leather armour (82% to hit)
The blast of sand misses the orc.
The orc hits you from afar with a +2 trident of protection.
The orc closely misses you.
The orc hits you with a +2 trident of protection.
* * * LOW HITPOINT WARNING * * *
Things that are here:
a +0 dagger; a +0 robe Unknown command.
You barely miss the orc.
The orc hits you with a +2 trident of protection!
You die...

## # #. #.#. # ###.#.# . .#
....... #......... #.# .......
#......... ..####
......o########......... ......
......)@..........(..... ......
.......###...##..)...... ######
.###### #...##......... #######
####...##......... .......
...........?.......
########################..!......
#........#......>...####........D
#.######.#.########..............
.............# #........#.#####


You could see an orc.

Vanquished Creatures
  An orc wizard (D:4)
  6 adders
  A ribbon worm (D:2)
  4 dart slugs
  3 orcs
  4 bats
  4 endoplasms
  A giant cockroach (D:1)
  9 goblins
  6 hobgoblins
  2 jackals (D:3)
  A quokka (D:2)
  6 ball pythons
  4 frilled lizards
  7 kobolds
  4 rats
63 creatures vanquished.

Notes
Turn   | Place    | Note
-------+----------+-------------------------------------------
     0 | D:1      | protoss039 the Demonspawn Earth Elementalist began the
                  | quest for the Orb.
     0 | D:1      | Reached XP level 1. HP: 13/13 MP: 3/3
   255 | D:1      | Gained mutation: You have large cloven feet. [demonic
                  | ancestry]
   255 | D:1      | Reached XP level 2. HP: 16/20 MP: 0/5
   276 | D:1      | Reached skill level 1 in Fighting
   855 | D:2      | Found Cuimuf's Jewellery Shop.
  1044 | D:2      | Found a runed translucent door.
  1045 | D:2      | Noticed Crazy Yiuf
  1136 | D:2      | Gained mutation: You are partially covered in yellow
                  | scales. (AC +2) [demonic ancestry]
  1136 | D:2      | Reached XP level 3. HP: 26/26 MP: 4/6
  1575 | D:2      | Reached XP level 4. HP: 33/33 MP: 6/8
  2164 | D:2      | Learned a level 3 spell: Passwall
  2168 | D:2      | Learned a level 3 spell: Stone Arrow
  3077 | D:4      | Noticed an acid dragon
  3100 | D:4      | Reached XP level 5. HP: 13/39 MP: 5/9
  3103 | D:4      | Slain by an orc

Illustrated notes

Levels and vault maps discovered:
D:1:      lightli_arrival_noodles, layout_basic, minmay_quantized
D:2:      layout_loops_corners, serial_shops, nicolae_shop_gaudy_bauble,
          uniq_crazy_yiuf_cottage
D:3:      layout_loops_ring
D:4:      layout_basic, nicolae_elemental_shop

Skill      XL: |  1  2  3  4 |
---------------+-------------+-----
Fighting       | 1 2 |  2.3
Earth Magic    | 3 |  3.6
Spellcasting   | 3 |  3.1
Dodging        | 2 |  2.2
Stealth        | |  1.7
Conjurations   | |  1.3

Action                     |  1- 3 |  4- 6 || total
---------------------------+-------+-------++-------
  Melee: Dagger            |    45 |    10 ||    55
         Unarmed           |     9 |       ||     9
         Club              |     3 |       ||     3
         Kick              |     7 |     3 ||    10
   Cast: Sandblast         |    44 |    40 ||    84
         Stone Arrow       |       |     1 ||     1
    Use: Scroll            |       |     5 ||     5
         Potion            |       |     2 ||     2
   Stab: Sleeping          |     1 |     1 ||     2
 Armour: Robe              |    57 |    28 ||    85
  Dodge: Dodged            |    62 |    30 ||    92

Table legend: (Time is in decaauts)
 A = Elapsed time spent in this place.
 B = Non-inter-level travel time spent in this place.
 C = Inter-level travel time spent in this place.
 D = Time resting spent in this place.
 E = Time spent auto-exploring this place.
 F = Levels seen in this place.
 G = Mean time per level.
                   A        B        C        D        E       F      G
               +--------+--------+--------+--------+--------+-----+--------+
         Total |   3143 |   3069 |     74 |     75 |   2564 |   4 |  785.8 |
       Dungeon |   3143 |   3069 |     74 |     75 |   2564 |   4 |  785.8 |
               +--------+--------+--------+--------+--------+-----+--------+

Top non-repeatable levels by time:
     D:2: 1415 daAuts
     D:3: 841 daAuts
     D:1: 778 daAuts
     D:4: 107 daAuts
